 Dungeon Crawl Stone Soup version 0.28.0 (console) character file.

Game seed: 8545446063717217050

5210 Cab the Cleaver (level 10, -8/63 HPs)
             Began as a Demonspawn Fighter on Feb 11, 2022.
             Was a Follower of Hepliaklqana.
             Mangled by a two-headed ogre (25 damage)
             ... on level 9 of the Dungeon.
             The game lasted 00:24:27 (6908 turns).

Cab the Cleaver (Demonspawn Fighter)                Turns: 6908, Time: 00:24:27

Health: -8/63      AC: 15    Str: 20    XL:     10   Next: 35%
Magic:  10/10      EV:  7    Int:  9    God:    Hepliaklqana [*.....]
Gold:   650        SH:  4    Dex: 14    Spells: 9/9 levels left

rFire   . . .      SeeInvis .   a - +0 war axe
rCold   . . .      Faith    .   c - +0 buckler
rNeg    + . .      Spirit   .   x - +0 chain mail
rPois   .          Reflect  .   (no helmet)
rElec   .          Harm     .   h - +2 cloak
rCorr   .          Rampage  .   u - +0 pair of gloves
Will    +....                   q - +0 pair of boots
Stlth   ..........              (no amulet)
HPRegen 0.20/turn               k - ring of positive energy
MPRegen 0.12/turn               B - ring of willpower

@: studying Long Blades
A: reduced essence, powered by death 2, spiny 2, sharp scales 1, weakness
stinger 1
a: Renounce Religion, Recall Ancestor, Ancestor Identity


You were on level 9 of the Dungeon.
You worshipped Hepliaklqana.
Hepliaklqana was aware of your devotion.
You visited 1 branch of the dungeon, and saw 9 of its levels.

You collected 670 gold pieces.
You spent 20 gold pieces at shops.

Inventory:

Hand Weapons
 a - a +0 war axe (weapon)
 o - a +1 flail of protection
Armour
 c - a +0 buckler (worn)
 h - a +2 cloak (worn)
 q - a +0 pair of boots (worn)
 u - a +0 pair of gloves (worn)
 x - a +0 chain mail (worn)
Jewellery
 k - a ring of positive energy (left hand)
 B - a ring of willpower (right hand)
Wands
 b - a wand of iceblast (17)
 y - a wand of paralysis (5)
 C - a wand of flame (30)
Scrolls
 e - 11 scrolls of teleportation
 g - a scroll of vulnerability {unknown}
 j - a scroll of enchant weapon {unknown}
 l - 3 scrolls of noise {unknown}
 m - 2 scrolls of immolation {unknown}
 n - a scroll of silence {unknown}
 r - 3 scrolls of enchant armour {unknown}
 s - 2 scrolls of amnesia {unknown}
 v - 2 scrolls of magic mapping {unknown}
 A - a scroll of fear {unknown}
 D - a scroll of fog {unknown}
Potions
 d - a potion of might
 f - a potion of attraction {unknown}
 i - 3 potions of curing
 p - 2 potions of haste {unknown}
 t - 3 potions of cancellation {unknown}
 w - a potion of brilliance {unknown}
 z - 3 potions of heal wounds


   Skills:
 - Level 3.0 Fighting
 + Level 14.0 Axes
 - Level 2.6 Armour
 - Level 2.6 Shields
 + Level 1.2 Evocations


You had 9 spell levels left.
You didn't know any spells.
Your spell library contained the following spells:

 Spells                   Type           Power      Damage    Failure   Level
 Foxfire                  Conj/Fire      0%         2x1d4     99%         1
 Conjure Flame            Conj/Fire      0%         6-21      100%        3
 Inner Flame              Hex/Fire       0%         N/A       100%        3
 Flame Wave               Conj/Fire      0%         2d4       100%        4
 Summon Forest            Summ/Tloc      0%         N/A       100%        5
 Eringya's Noxious Bog    Tmut/Pois      0%         N/A       100%        6
 Summon Hydra             Summ           0%         N/A       100%        7


Dungeon Overview and Level Annotations

Branches:
Dungeon (9/15)             Temple (0/1) D:7            Lair (0/6) D:9
    Orc: D:9-12

Altars:
Ashenzari
Elyvilon
Gozag
Hepliaklqana
Nemelex Xobeh
Uskayaw
Beogh

Shops:
D:1 *

Annotations:
D:4 1 runed translucent door, Slaatcain's ghost, novice DECj
D:6 3 runed translucent doors, wheals's ghost, novice GrCA


Innate Abilities, Weirdness & Mutations

Your life essence is reduced to manifest your ancestor. (-10% HP)
You regenerate health from kills.
You are mostly covered in sharp spines.
You are partially covered in razor-sharp scales. (AC +1, Slay +1)
You have a small tail.


Message History

The killer bee is almost dead.
The killer bee stings you but does no damage.
Beldrama hits the killer bee!
The killer bee dies!
Your Axes skill increases to level 14!
You block the killer bee's attack.
Beldrama closely misses the killer bee.
The killer bee is struck by your spines.
The killer bee closely misses you.
You barely miss the killer bee.
The killer bee is moderately wounded.
The killer bee is struck by your spines.
The killer bee stings you but does no damage.
Beldrama hits the killer bee.
The killer bee dies!
Things that are here:
a killer bee corpse; a killer bee corpse
Found 6 gold pieces.
Found a staircase to the Lair.
You now have 650 gold pieces (gained 6).
You open the door.
There is an open door here.
Found a leather armour.
Found 7 gold pieces.
You see here a +0 leather armour.
Found a potion of curing.
A two-headed ogre comes into view.
It is wielding a +0 giant club and a +0 giant spiked club.
The two-headed ogre shouts in stereo!
You see here 7 gold pieces.
You see here a potion of curing.
The two-headed ogre is struck by your spines.
The two-headed ogre hits you with a +0 giant club!
The two-headed ogre hits you with a +0 giant spiked club!!
You hit the two-headed ogre. You tail-slap the two-headed ogre.
The two-headed ogre is lightly wounded.
The two-headed ogre is struck by your spines.
The two-headed ogre hits you with a +0 giant club!
The two-headed ogre hits you with a +0 giant spiked club.
Beldrama hits the two-headed ogre.
Beldrama hits the two-headed ogre but does no damage.
The two-headed ogre hits you with a +0 giant club!!
You die... ▒ ▒▒▒▒▒▒▒▒▒▒▒▒ ∙▒ ∙∙∙∙∙∙∙!∙∙∙▒▒▒▒∙▒ ▒▒▒▒▒▒∙∙∙∙∙∙∙∙∙∙▒▒ ∙∙∙∙∙∙∙R∙∙∙∙∙∙∙∙∙∙ ▒▒▒▒▒▒∙∙∙O@∙∙∙∙∙∙∙ ▒∙∙∙∙∙∙∙∙▒∙▒▒∙▒▒▒ ▒▒▒▒▒▒▒▒∙∙∙∙∙∙∙∙$∙∙∙∙▒ ∙∙∙∙∙∙∙∙∙∙∙∙∙∙∙∙∙∙∙∙∙∙∙∙ ∙∙∙∙∙∙∙∙∙∙∙∙∙∙∙∙∙∙∙∙∙∙∙▒ ∙∙∙∙∙[∙∙∙∙∙∙∙∙∙∙∙∙∙∙∙∙∙▒ ∙∙∙∙∙∙∙∙∙∙∙∙∙∙∙∙∙∙∙∙∙∙∙∙ ∙∙∙∙∙∙∙∙∙∙∙∙▒▒▒▒▒∙∙▒∙▒▒▒ ∙▒∙▒▒▒∙▒∙∙∙∙∙▒ ∙∙∙∙∙∙

You could see the friendly Beldrama the ancestor and a two-headed ogre (ally target).

Vanquished Creatures
  A boulder beetle (D:8)
  Pikel (D:5)
  Maggie (D:8)
  Prince Ribbit (D:8)
  A hornet (D:8)
  Sigmund (D:5)
  Eustachio (D:5)
  A vampire mosquito (D:7)
  Duvessa (D:5)
  An orc warrior (D:8)
  An ice beast (D:8)
  A sky beast (D:8)
  2 black bears
  3 ogres
  3 centaurs
  3 phantoms
  A kobold brigand (D:8)
  A bullfrog (D:7)
  A gnoll sergeant (D:9)
  2 scorpions
  A water moccasin zombie (D:6)
  A wyvern skeleton (D:6)
  Dowan (D:5)
  2 water moccasin skeletons
  2 killer bees (D:9)
  2 wights (D:8)
  A hound (D:6)
  3 orc priests
  2 centaur skeletons (D:4)
  A bullfrog skeleton (D:5)
  Natasha (twice) (D:2)
  3 iguanas
  2 orc wizards
  A hound skeleton (D:4)
  5 gnolls (D:9)
  A howler monkey skeleton (D:5)
  2 adders
  2 white imps
  5 ufetubi
  An adder zombie (D:5)
  A worm (D:2)
  2 dart slugs
  26 orcs
  5 bats
  8 endoplasms
  6 giant cockroaches
  7 hobgoblins
  6 jackals (D:1)
  4 quokkas
  7 ball pythons
  A frilled lizard (D:1)
  2 goblins
  4 kobolds
  3 rats
  A spectral kobold (D:1)
151 creatures vanquished.

Vanquished Creatures (collateral kills)
  A water moccasin (D:8)
  An ogre (D:8)
  3 killer bees (D:9)
  2 wights (D:8)
  A centaur zombie (D:7)
  A jelly (D:7)
  2 orcs (D:8)
11 creatures vanquished.

Grand Total: 162 creatures vanquished

Notes
Turn   | Place    | Note
-------+----------+-------------------------------------------
     0 | D:1      | Cab the Demonspawn Fighter began the quest for the Orb.
     0 | D:1      | Reached XP level 1. HP: 18/18 MP: 1/1
    92 | D:1      | Reached skill level 2 in Axes
   187 | D:1      | Gained mutation: You are partially covered in sharp spines.
                  | [demonic ancestry]
   187 | D:1      | Reached XP level 2. HP: 24/24 MP: 2/2
   353 | D:1      | Found Syurgheok's General Store.
   358 | D:1      | Bought a scroll of identify for 20 gold pieces
   432 | D:1      | Reached skill level 3 in Axes
   584 | D:1      | Found a faded altar of an unknown god.
   592 | D:1      | Reached XP level 3. HP: 29/29 MP: 3/3
  1205 | D:2      | Noticed Natasha
  1209 | D:2      | Killed Natasha
  1210 | D:2      | Reached skill level 4 in Axes
  1210 | D:2      | Reached XP level 4. HP: 33/35 MP: 4/4
  1326 | D:2      | Noticed Natasha
  1329 | D:2      | Killed Natasha
  1706 | D:3      | Found a sparkling altar of Nemelex Xobeh.
  1940 | D:3      | Gained mutation: You regenerate a little health from kills.
                  | [demonic ancestry]
  1940 | D:3      | Reached XP level 5. HP: 41/41 MP: 5/5
  2393 | D:4      | Noticed a phantom
  2405 | D:4      | Killed a phantom
  2406 | D:4      | Reached skill level 5 in Axes
  2522 | D:4      | Gained mutation: You are partially covered in razor-sharp
                  | scales. (AC +1, Slay +1) [demonic ancestry]
  2522 | D:4      | Reached XP level 6. HP: 35/47 MP: 6/6
  2524 | D:4      | Reached skill level 6 in Axes
  2725 | D:4      | Found a runed translucent door.
  2746 | D:4      | Noticed Slaatcain's ghost (novice DECj)
  2994 | D:5      | Entered Level 5 of the Dungeon
  2994 | D:5      | Noticed Sigmund
  3002 | D:5      | Killed Sigmund
  3003 | D:5      | Reached skill level 7 in Axes
  3126 | D:5      | Gained mutation: You are mostly covered in sharp spines.
                  | [demonic ancestry]
  3126 | D:5      | Reached XP level 7. HP: 51/52 MP: 7/7
  3268 | D:5      | Reached skill level 8 in Axes
  3271 | D:5      | Noticed Pikel
  3276 | D:5      | Noticed Duvessa
  3278 | D:5      | Noticed Dowan
  3282 | D:5      | Killed Pikel
  3283 | D:5      | Reached skill level 9 in Axes
  3283 | D:5      | Reached XP level 8. HP: 28/58 MP: 8/8
  3286 | D:5      | Noticed Eustachio
  3289 | D:5      | Killed Duvessa
  3295 | D:5      | Killed Dowan
  3304 | D:5      | Killed Eustachio
  3305 | D:5      | Reached skill level 10 in Axes
  4177 | D:6      | Gained mutation: You regenerate health from kills. [demonic
                  | ancestry]
  4177 | D:6      | Reached XP level 9. HP: 63/63 MP: 9/9
  4439 | D:6      | Found a broken altar of Ashenzari.
  4904 | D:6      | Found a runed translucent gate.
  4904 | D:6      | Found a runed translucent gate.
  4904 | D:6      | Found a runed translucent gate.
  4904 | D:6      | Noticed wheals's ghost (novice GrCA)
  4994 | D:7      | Reached skill level 11 in Axes
  5007 | D:7      | Reached skill level 1 in Evocations
  5050 | D:7      | Found a hazy altar of Hepliaklqana.
  5050 | D:7      | Found an opulent altar of Gozag.
  5063 | D:7      | Became a worshipper of Hepliaklqana the Forgotten
  5356 | D:7      | Reached * piety under Hepliaklqana
  5402 | D:7      | Found a staircase to the Ecumenical Temple.
  5773 | D:8      | Reached skill level 12 in Axes
  5882 | D:8      | Found a hide-covered altar of Uskayaw.
  5924 | D:8      | Noticed Prince Ribbit
  5944 | D:8      | Killed Prince Ribbit
  5989 | D:8      | Noticed a boulder beetle
  5994 | D:8      | Reached skill level 13 in Axes
  6045 | D:8      | Noticed Maggie
  6056 | D:8      | Killed Maggie
  6057 | D:8      | Gained mutation: You have a small tail. [demonic ancestry]
  6057 | D:8      | Reached XP level 10. HP: 37/63 MP: 10/10
  6496 | D:8      | Killed a boulder beetle
  6847 | D:9      | Reached skill level 14 in Axes
  6851 | D:9      | Found a staircase to the Lair.
  6897 | D:9      | Noticed a two-headed ogre
  6908 | D:9      | Mangled by a two-headed ogre

Illustrated notes

Levels and vault maps discovered:
D:1:      minmay_arrival_widening_spiral_wide, layout_loops_ring, serial_shops,
          nicolae_shop_hallway_plus, dreamdust_ecumenical_altar_drowned_temple
D:2:      wad_pebble_path, layout_loops_ring, serial_park_tiny_pond,
          minmay_unequal, uniq_natasha
D:3:      layout_basic, nemelex_xobeh_ov_fountains_minmay,
          chequers_serial_rivers_large_b, chequers_serial_rivers_micro_d
D:4:      layout_rooms, ebering_ghost_sewer_d, minmay_circle_x
D:5:      layout_loops_ring, minmay_crystal_water, uniq_eustachio, uniq_pikel,
          uniq_sigmund, uniq_duvessa
D:6:      layout_basic, nicolae_elyvilon_temple_path,
          nicolae_ashenzari_skybound, gammafunk_ghost_nasty_kobolds
D:7:      layout_cave_pods, gammafunk_temple_overflow_pools, temple_fountains,
          serial_park_tiny_1
D:8:      layout_loops_cross, mainiacjoe_overflow_alcove_2, special_room
          [special_room_orc], bh_walls_and_bars, uniq_maggie,
          uniq_prince_ribbit1
D:9:      layout_basic, okawaru_humans, lair_entry_dummy

Skill      XL: |  1  2  3  4  5  6  7  8  9 10 |
---------------+-------------------------------+-----
Axes           | 2 3 4 5 7 9 10 13 14 | 14.0
Evocations     | 1 |  1.2
Fighting       | |  3.0
Armour         | |  2.6
Shields        | |  2.6

Action                   |  1- 3 |  4- 6 |  7- 9 | 10-12 || total
-------------------------+-------+-------+-------+-------++-------
Melee: War axe           |    83 |    71 |   163 |    76 ||   393
       Tailslap          |       |       |       |    13 ||    13
Invok: Recall Ancestor   |       |       |     1 |       ||     1
       Ancestor Identity |       |       |     1 |       ||     1
Evoke: Wand              |       |       |     1 |       ||     1
  Use: Scroll            |       |     2 |     4 |     1 ||     7
       Potion            |       |     1 |     4 |       ||     5
 Stab: Paralysed         |       |       |     3 |       ||     3
       Distracted        |       |       |       |     1 ||     1
Armor: Scale mail        |    40 |    47 |     3 |       ||    90
       Chain mail        |       |       |    75 |    24 ||    99
Dodge: Dodged            |    40 |    24 |    47 |    17 ||   128
Block: Buckler           |    23 |    11 |    32 |    10 ||    76
